 Dungeon Crawl Stone Soup version 0.30-a0-737-gf23d94013f (webtiles) character file.

Game seed: 13435725589469420088

2221 Dittersdorf the Fighter (level 9, -1/70 HPs)
             Began as a Gargoyle Fighter on Feb 1, 2023.
             Slain by an orc priest
             ... wielding a +0 club
              (4 damage)
             ... on level 5 of the Dungeon.
             The game lasted 00:08:13 (5602 turns).

Dittersdorf the Fighter (Gargoyle Fighter)          Turns: 5602, Time: 00:08:14

Health: -1/70      AC: 17    Str: 23    XL:     9   Next: 35%
Magic:  9/9        EV:  7    Int: 10    God:
Gold:   429        SH:  6    Dex:  9    Spells: 8/8 levels left

rFire   . . .      SeeInvis .    p - +0 morningstar
rCold   . . .      Faith    .    c - +1 buckler
rNeg    + . .      Spirit   .    l - +0 chain mail
rPois   ∞          Reflect  .    (no helmet)
rElec   +          Harm     .    m - +0 cloak
rCorr   .          Rampage  .    (no gloves)
Will    .....                    (no boots) Stlth
                                 (no amulet)
HPRegen 0.31/turn                (no ring)
MPRegen 0.11/turn                (no ring)

@: no status effects
A: sickness immunity, AC +6, negative energy resistance 1, electricity
resistance, torment resistance 1, petrification resistance
a: no special abilities


You were on level 5 of the Dungeon.
You visited 1 branch of the dungeon, and saw 5 of its levels.
You also visited: Sewer and Ossuary.

You collected 429 gold pieces.

Inventory:

Hand Weapons
 p - a +0 morningstar (weapon)
Missiles
 b - 4 curare-tipped darts (quivered)
Armour
 c - a +1 buckler (worn)
 l - a +0 chain mail (worn)
 m - a +0 cloak (worn)
Jewellery
 o - a ring of fire
Wands
 j - a wand of flame (4)
 r - a wand of roots (11)
Scrolls
 e - a scroll of fog
 h - 3 scrolls of teleportation
Potions
 d - 3 potions of might
 f - 2 potions of magic
 g - a potion of haste
 i - 3 potions of curing
 k - 2 potions of flight
 n - a potion of mutation {unknown}


   Skills:
 + Level 14.4 Fighting
 + Level 5.0 Maces & Flails
 + Level 6.1 Armour
 + Level 6.0 Shields


You had 8 spell levels left.
You didn't know any spells.
Your spell library contained the following spells:

 Spells                   Type           Power      Damage    Failure   Level
 Summon Small Mammal      Summ           0%         N/A       98%         1
 Call Canine Familiar     Summ           0%         N/A       100%        3
 Summon Guardian Golem    Hex/Summ       0%         N/A       100%        3
 Alistair's Intoxication  Tmut/Pois      0%         N/A       100%        5
 Borgnjor's Vile Clutch   Necr/Erth      0%         N/A       100%        5
 Fireball                 Conj/Fire      0%         3d3       100%        5
 Iskenderun's Battlesphe  Conj           0%         2d6       100%        5
 Conjure Ball Lightning   Conj/Air       0%         3x3d6     100%        6
 Eringya's Noxious Bog    Tmut/Pois      0%         N/A       100%        6
 Orb of Destruction       Conj           0%         9d5       100%        7


Dungeon Overview and Level Annotations

Branches:
Dungeon (5/15)              Sewer (visited)         Ossuary (visited)
 Temple: D:4-7

Altars:
Dithmenos
Hepliaklqana

Shops:
D:4 =   D:5 *

Annotations:
D:3 2 runed translucent doors, browni3141's ghost, amateur TrBe
D:5 Dowan; Duvessa


Innate Abilities, Weirdness & Mutations

You are immune to sickness and miasma.
Your stone body is resilient. (AC +6)
You are immune to poison.
You resist negative energy. (rN+)
You are resistant to electric shocks. (rElec)
You are resistant to unholy torment.
You are immune to petrification.


Message History

Duvessa seems to speed up.
You puncture Duvessa!
Duvessa is severely wounded.
Duvessa drinks a potion.
Duvessa is healed!
Dowan mumbles some strange words.
Dowan blinks!
Duvessa hits you but does no damage.
You hit Duvessa.
Duvessa is lightly wounded.
Duvessa hits you but does no damage. x2; The orc priest barely misses you.
You block Duvessa's attack. Duvessa attacks as you move away!
Duvessa hits you with a +0 short sword of venom.
* * * LOW HITPOINT WARNING * * *
You block Duvessa's attack.
The orc priest looks braver for a moment.
There is an open door here.
The orc priest looks braver for a moment.
There's a creature in the doorway!
Duvessa hits you but does no damage.
Duvessa hits you with a +0 short sword of venom.
* * * LOW HITPOINT WARNING * * *
There is an open door here.
You puncture the orc priest!
The orc priest is almost dead.
Duvessa hits you but does no damage. The orc priest barely misses you.
You block Duvessa's attack.
You hit the orc priest but do no damage.
The orc priest is almost dead.
Duvessa hits you with a +0 short sword of venom.
* * * LOW HITPOINT WARNING * * *
The orc priest hits you but does no damage.
Something hits you but does no damage.
Duvessa hits you with a +0 short sword of venom.
* * * LOW HITPOINT WARNING * * *
You barely miss the orc priest.
The orc priest is almost dead.
Duvessa hits you with a +0 short sword of venom.
* * * LOW HITPOINT WARNING * * *
The orc priest hits you with a +0 club.
You die...

'.....##+##.....+ ..##+###.....
#.....#...#.....# eoe#...#......
###.#+#...#'#.#####.#+#...#+##..#
..+.#.......#.+...'.#.......#....
..#####...#####...#####...###.#.#
....#.+...'.#.....)o#.'...'......
..#'#.#####.#'#...#e#.########.#.
..#.....#.....#.o.#.....#####....
###.....'.....##@##.....'...#...#
..#.....#.....#.e.#.....###.#...#
#.#+#.#####.#+#...#'#.#####.#..##
....#.'...'.#.....e.#.'..##..>...
..#.###...#####...######.##.#####
....#.......#.'...'.# #....#
.#..#+#...#+#.#####.#####.###
.#..#.#...#.....#....##...#
.#.([[##'##.....+.##.##.#######


You could see Duvessa (fast), Dowan and an orc priest.

Vanquished Creatures
  An ogre (D:3)
  2 phantoms
  10 kobold brigands
  A necrophage (D:5)
  2 hounds
  An orc priest (D:3)
  An iguana (D:4)
  2 orc wizards (D:5)
  3 mummies (Ossuary)
  10 adders
  4 river rats
  A shadow imp (D:5)
  An ufetubus (D:5)
  2 adder zombies (Ossuary)
  5 worms
  A dart slug (D:2)
  10 orcs
  10 ball pythons
  11 endoplasms
  4 giant cockroaches
  A gnoll zombie (Ossuary)
  2 goblins
  7 hobgoblins
  4 jackals (D:4)
  8 kobolds
  3 quokkas
  3 bats
  3 frilled lizards
  2 goblin zombies (Ossuary)
  4 hobgoblin zombies (Ossuary)
  3 kobold zombies (Ossuary)
  An orc zombie (Ossuary)
  3 quokka zombies
  11 rats
  4 rat zombies
141 creatures vanquished.

Notes
Turn   | Place    | Note
-------+----------+-------------------------------------------
     0 | D:1      | Dittersdorf the Gargoyle Fighter began the quest for the
                  | Orb.
     0 | D:1      | Reached XP level 1. HP: 14/14 MP: 1/1
   193 | D:1      | Reached XP level 2. HP: 19/19 MP: 2/2
   391 | D:1      | Found a faded altar of an unknown god.
  1176 | D:2      | Reached XP level 3. HP: 23/23 MP: 3/3
  1453 | D:3      | Reached XP level 4. HP: 18/29 MP: 4/4
  1462 | D:3      | Found a glowing drain.
  1488 | Sewer    | Entered a sewer
  1536 | Sewer    | Noticed a kobold brigand
  1563 | Sewer    | Killed a kobold brigand
  1564 | Sewer    | Reached skill level 4 in Fighting
  1564 | Sewer    | Reached XP level 5. HP: 24/33 MP: 5/5
  1633 | Sewer    | Noticed a kobold brigand
  1633 | Sewer    | Noticed a kobold brigand
  1656 | Sewer    | Killed a kobold brigand
  1666 | Sewer    | Killed a kobold brigand
  1667 | Sewer    | Reached XP level 6. HP: 17/39 MP: 6/6
  1912 | Sewer    | Reached skill level 5 in Fighting
  1912 | Sewer    | Reached skill level 5 in Armour
  1912 | Sewer    | Reached skill level 5 in Shields
  1969 | Sewer    | Reached XP level 7. HP: 30/44 MP: 7/7
  2824 | D:3      | Reached skill level 14 in Fighting
  2824 | D:3      | Reached XP level 8. HP: 64/64 MP: 8/8
  2903 | D:3      | Reached XP level 9. HP: 37/69 MP: 9/9
  3051 | D:3      | Found a runed translucent door.
  3051 | D:3      | Noticed browni3141's ghost (amateur TrBe)
  3365 | D:3      | Found a runed translucent door.
  3392 | D:3      | Found a hazy altar of Hepliaklqana.
  3593 | D:4      | Found Husint's Jewellery Boutique.
  3647 | D:4      | Found a sand-covered staircase.
  3664 | Ossuary  | Entered an ossuary
  4612 | D:4      | Found a shadowy altar of Dithmenos.
  4841 | D:5      | Entered Level 5 of the Dungeon
  5186 | D:5      | Reached skill level 5 in Maces & Flails
  5382 | D:5      | Found Ateluj's General Store.
  5575 | D:5      | Noticed Dowan
  5575 | D:5      | Noticed Duvessa
  5602 | D:5      | HP: 3/70 [Duvessa/+0 short sword of venom (2)]
  5602 | D:5      | Slain by an orc priest

Illustrated notes

Levels and vault maps discovered:
D:1:      psy_arrival_statuary, layout_loops_ring, basic_ecumenical_altar,
          due_unseen_surprise
D:2:      layout_loops_ring
D:3:      layout_loops_ring, nzn_hepliaklqana_mist_gate, gup_sewer_entry_bowl,
          ebering_ghost_sewer_f, minmay_pentangle
D:4:      layout_layer_cave, nicolae_overflow_crystal_walls, enter_ossuary_4,
          serial_shops, nicolae_shop_stone, minmay_misc_feat_doors,
          grunt_decor_junction
D:5:      nicolae_cairo_tiling_large, layout_basic,
          mainiacjoe_overflow_alcove_3, serial_shops, shop,
          minmay_misc_feat_roman, uniq_duvessa

Skill      XL: |  1  2  3  4  5  6  7  8  9 |
---------------+----------------------------+-----
Fighting       | 4 5 14 | 14.4
Maces & Flails | 3 4 5 |  5.0
Armour         | 4 5 6 |  6.1
Shields        | 4 5 6 |  6.0

Action                     |  1- 3 |  4- 6 |  7- 9 || total
---------------------------+-------+-------+-------++-------
  Melee: Flail             |    87 |   122 |   354 ||   563
         Morningstar       |       |       |    16 ||    16
  Throw: Dart              |       |       |     1 ||     1
    Use: Scroll            |     3 |     1 |    11 ||    15
         Potion            |       |       |     1 ||     1
 Armour: Scale mail        |    15 |       |       ||    15
         Chain mail        |    26 |    78 |   232 ||   336
  Dodge: Dodged            |    39 |    35 |   112 ||   186
  Block: Buckler           |    20 |    28 |    94 ||   142

Table legend: (Time is in decaauts)
 A = Elapsed time spent in this place.
 B = Non-inter-level travel time spent in this place.
 C = Inter-level travel time spent in this place.
 D = Time resting spent in this place.
 E = Time spent auto-exploring this place.
 F = Levels seen in this place.
 G = Mean time per level.
                   A        B        C        D        E       F      G
               +--------+--------+--------+--------+--------+-----+--------+
         Total |   5880 |   5649 |    231 |    256 |   4018 |   7 |  840.0 |
       Dungeon |   4502 |   4271 |    231 |    118 |   3277 |   5 |  900.4 |
         Sewer |   1176 |   1176 |      0 |    138 |    636 |   1 | 1176.0 |
       Ossuary |    201 |    201 |      0 |      0 |    105 |   1 |  201.0 |
               +--------+--------+--------+--------+--------+-----+--------+

Top non-repeatable levels by time:
     D:4: 1235 daAuts
   Sewer: 1176 daAuts
     D:3: 1070 daAuts
     D:5: 746 daAuts
     D:2: 742 daAuts
     D:1: 707 daAuts
 Ossuary: 201 daAuts
